 Dungeon Crawl Stone Soup version 0.31.0-11-ge490571c62 (webtiles) character file.

Game seed: 11464543787049441831

9 browni3141 the Conjurer (level 2, 19/19 HPs)
             Began as a Demonspawn Conjurer on Jan 30, 2024.
             Got out of the dungeon alive.
             The game lasted 00:00:16 (308 turns).

browni3141 the Conjurer (Demonspawn Conjurer)        Turns: 308, Time: 00:00:16

Health: 19/19      AC:  2    Str:  7    XL:     2   Next: 3%
Magic:  5/5        EV: 12    Int: 18    God:
Gold:   0          SH:  0    Dex: 11    Spells: 4/5 levels left

rFire   . . .        e - +0 dagger
rCold   . . .        (no shield)
rNeg    . . .        a - +0 robe
rPois   .            (no helmet)
rElec   .            (no cloak)
rCorr   .            (no gloves)
SInv    .            (no boots)
Will    .....        (no amulet)
Stlth   ++           (no ring)
HPRegen 0.23/turn    (no ring)
MPRegen 0.09/turn

%: no passive effects
@: no status effects
A: foul stench 1
a: no special abilities


You escaped.
You visited 1 branch of the dungeon, and saw 1 of its levels.

Inventory:

Hand Weapons
 e - a +0 dagger (weapon)
Armour
 a - a +0 robe (worn)
Potions
 b - a potion of magic
 c - a potion of ambrosia {unknown}
 d - a potion of resistance {unknown}
 f - a potion of attraction {unknown}


   Skills:
 + Level 2.0 Dodging
 + Level 2.0 Stealth
 + Level 2.1 Spellcasting
 + Level 4.1 Conjurations


You had 4 spell levels left.
You knew the following spells:

 Your Spells              Type           Power      Damage    Failure   Level
a - Magic Dart            Conj           64%        1d6       3%          1

Your spell library contained the following spells:

 Spells                   Type           Power      Damage    Failure   Level
 Searing Ray              Conj           32%        2d5       4%          2
 Fulminant Prism          Conj/Alch      4%         3d5       58%         4
 Iskenderun's Mystic Bla  Conj/Tloc      9%         2d4       58%         4


Dungeon Overview and Level Annotations

Branches:
Dungeon (1/15)

Altars:


Innate Abilities, Weirdness & Mutations

You may rarely emit foul miasma when damaged in melee.


Message History

Setting a skill training target for Throwing at 11.0.
There is a stone staircase leading down here.
c - a coppery potion A ball python comes into view.
A ball python is nearby!
The magic dart hits the ball python.
The ball python is severely wounded.
The ball python hisses angrily.
A rat comes into view.
The magic dart hits the rat but does no damage.
The rat squeaks loudly.
The magic dart hits the ball python.
You kill the ball python!
A bat comes into view.
There are monsters nearby!
There are monsters nearby!
You are out of magic!
You are out of magic!
You see here a silvery potion.
d - a silvery potion
There is a stone staircase leading down here.
There is a staircase leading out of the dungeon here.
You see here 2 stones.
The magic dart hits the rat.
You kill the rat!
You open the door.
There is an open door here.
You start resting.
Magic restored.
You open the door.
There is an open door here.
You open the door.
There is an open door here.
You open the door.
There is an open door here.
You see here 2 stones.
There is an open door here.
You open the door.
There is an open door here.
You open the door.
There is an open door here.
You open the door.
There is an open door here.
Found a stone staircase leading down.
A giant cockroach comes into view.
A giant cockroach is nearby!
The magic dart hits the giant cockroach but does no damage.
The magic dart hits the giant cockroach.
The giant cockroach is severely wounded.
The magic dart hits the giant cockroach.
You kill the giant cockroach!
A hobgoblin comes into view.
A hobgoblin is nearby!
A hobgoblin is nearby!
The magic dart hits the hobgoblin.
You kill the hobgoblin!
You can't see any susceptible monsters within range! (Use Z to cast anyway.)
You can't see any susceptible monsters within range! (Use Z to cast anyway.)
A ball python comes into view.
You see here a +0 dagger.
e - a +0 dagger (weapon)
A ball python is nearby!
A ball python is nearby!
The magic dart hits the ball python.
You kill the ball python!
You can't see any susceptible monsters within range! (Use Z to cast anyway.)
You can't see any susceptible monsters within range! (Use Z to cast anyway.)
A kobold comes into view. It is wielding a +0 short sword.
A kobold is nearby!
A kobold is nearby!
The magic dart hits the kobold.
The kobold is moderately wounded.
The kobold throws a stone.
The stone closely misses you.
The magic dart hits the kobold.
You kill the kobold!
You can't see any susceptible monsters within range! (Use Z to cast anyway.)
You can't see any susceptible monsters within range! (Use Z to cast anyway.)
A hobgoblin comes into view.
You see here a yellow potion.
A hobgoblin is nearby!
A hobgoblin is nearby!
The magic dart hits the hobgoblin but does no damage.
The hobgoblin shouts!
The magic dart hits the hobgoblin.
The hobgoblin is severely wounded.
The magic dart hits the hobgoblin.
You kill the hobgoblin!
Your Dodging skill increases to level 2!
Your Stealth skill increases to level 2!
f - a yellow potion A bat comes into view.
The magic dart hits the bat.
You kill the bat!
You have reached level 2!
Your demonic ancestry asserts itself...
You begin to emit a foul stench of rot and decay.
You see here a +0 spear.
You see here a ball python corpse.
There is a staircase leading out of the dungeon here.
You have escaped!

#.........# #.........#
#.........####.........#
#............#.........#
#.......>.##........(..#
#........#.####.........#
#....#.######.##
#.........# .......
##...###.........#
......#
###.....###........#
......
##'...@...'##.......###
...b..
#.##.....##.#.#.#†.....
...).
##.##...##.####...#..##
##'##.##'######..##...
##.##(##.###..........
##...#'#...##..>......#
#....'.'....#.....(...#
##...###...##...†......
##.## ##.##...........


There were no monsters in sight!

Vanquished Creatures
  2 ball pythons (D:1)
  A bat (D:1)
  A giant cockroach (D:1)
  2 hobgoblins (D:1)
  A kobold (D:1)
  A rat (D:1)
8 creatures vanquished.

Notes
Turn   | Place    | Note
-------+----------+-------------------------------------------
     0 | D:1      | browni3141 the Demonspawn Conjurer began the quest for the
                  | Orb.
     0 | D:1      | Reached XP level 1. HP: 13/13 MP: 3/3
   274 | D:1      | Gained mutation: You may rarely emit foul miasma when
                  | damaged in melee. [demonic ancestry]
   274 | D:1      | Reached XP level 2. HP: 19/19 MP: 3/5
   308 | D:$      | Got out of the dungeon alive.

Illustrated notes

Levels and vault maps discovered:
D:1:      dpeg_arrival_rhombi, layout_rooms

Skill      XL: |  1 |
---------------+----+-----
Dodging        | 2 |  2.0
Stealth        | 2 |  2.0
Spellcasting   | |  2.1
Conjurations   | |  4.1

Action                     || total
---------------------------++-------
   Cast: Magic Dart        ||    15
  Dodge: Dodged            ||     1
